 Dungeon Sprint DCSS version 0.31-a0-963-ga325b2283a (webtiles) character file.

Game seed: 4163141339622048773

12805 sircluck the Brawler (level 11, -1/131 HPs)
             Began as a Troll Berserker on Oct 24, 2023.
             Was a High Priest of Trog.
             Killed from afar by a deep elf knight (13 damage)
             ... with a shard of ice
             ... in the Dungeon (Sprint VII: "The Pits").
             The game lasted 00:03:57 (1280 turns).

sircluck the Brawler (Troll Berserker)              Turns: 1280, Time: 00:03:57

Health: -1/131     AC:  8    Str: 35    XL:     11   Next: 67%
Magic:  10/10      EV: 16    Int:  2    God:    Trog [*****.]
Gold:   0          SH:  0    Dex:  8    Spells: 10/10 levels left

rFire   . .          .
                       - Unarmed
rCold   . . .        (no shield)
rNeg    . . .        a - +0 animal skin
rPois   .            (helmet restricted)
rElec   .            n - +0 cloak
rCorr   .            (gloves unavailable)
SInv    .            (boots unavailable)
Will    .....        (no amulet)
Stlth   +            k - +3 ring of protection
HPRegen 1.21/turn    l - +3 ring of evasion
MPRegen 0.12/turn

%: no teleportation
@: no status effects
A: large, unfitting armour, claws 3, regeneration 1, shaggy fur 1, tough skin 1,
hooves 1, strong 1
a: Renounce Religion, Berserk, Trog's Hand, Brothers in Arms


You were in the Dungeon.
You worshipped Trog.
Trog was extremely pleased with you.
You visited 1 branch

Inventory:

Armour
 a - a +0 animal skin (worn)
 n - a +0 cloak (worn)
Jewellery
 k - a +3 ring of protection (left claw)
 l - a +3 ring of evasion (right claw)
Wands
 o - a wand of polymorph (3)
Scrolls
 g - a scroll of blinking
 i - 2 scrolls of vulnerability
 j - a scroll of butterflies
Potions
 b - 11 potions of curing
 c - 5 potions of heal wounds
 d - a potion of haste
 e - 4 potions of magic
 f - 4 potions of berserk rage
 h - 2 potions of invisibility
 m - 2 potions of mutation


   Skills:
 + Level 14.9 Fighting
 + Level 14.7 Dodging
 + Level 17.2 Unarmed Combat


You had 10 spell levels left.
You didn't know any spells.
Your spell library was empty.

Dungeon Overview and Level Annotations

Branches:
Dungeon (1/1)

Altars:
Ashenzari
Cheibriados
Dithmenos
Elyvilon
Fedhas
Gozag
Hepliaklqana
Kikubaaqudgha
Makhleb
Nemelex Xobeh
Okawaru
Qazlal
Ru
Sif Muna
Trog
Uskayaw
Vehumet
Wu Jian
Xom
Yredelemnul
Zin
The Shining One
Jiyva
Lugonu


Innate Abilities, Weirdness & Mutations

You are too large for most types of armour.
You have claws for hands.
Your natural rate of healing is unusually fast.
You are covered in fur. (AC +1)
You have tough skin. (AC +1)
You have large cloven feet.
Your muscles are strong. (Str +4, Int/Dex -1)


Message History

A lance of force appears from out of thin air!
The lance of force hits your troll!!
Your troll is knocked back by the lance of force.
Your troll collides with you!
Your troll is severely wounded.
You hear a bow twang.
An arrow appears from out of thin air!
The arrow hits your troll.
You hear a bow twang.
An arrow appears from out of thin air!
The arrow barely misses your troll. The arrow hits you!
* * * LOW HITPOINT WARNING * * *
Unknown command.
Unknown command.
You feel much better.
Your troll barely misses something.
Your troll closely misses something.
Your troll claws something!
You hear a bow twang.
An arrow appears from out of thin air!
The arrow hits your troll!
Your troll dies!
Your troll's corpse disappears in a puff of smoke!
Unknown command.
Unknown command.
Something hits you!!
* * * LOW HITPOINT WARNING * * *
Items here: ( ) / [ †.
You miss something. Your kick misses something. Your claw misses something.
Something barely misses you.
You completely miss something.
You eviscerate the deep elf pyromancer!!!
You kill the deep elf pyromancer!
Trog accepts your kill.
Trog appreciates your killing of a magic user.
The fire elemental disappears in a puff of smoke!
Something hits you!!
* * * LOW HITPOINT WARNING * * *
Unknown command.
You start resting.
You hear some strange, mumbled words.
A shard of ice appears from out of thin air!
The shard of ice hits you!
You die...

.............''..##########..#
...#..#......##..........)...#
.....))......##..............#
'#####))######################
....##''########### ###
....##....##..'...# ...#
....##...##...#..##.....
<...##.)##...##..#......
....##)†#...##.)@)§.....
....##..'..##†.){###....
....##.##..#.......### .
########...+.........#
#######....#....####..#
..[.##..#..##..##..##..'
..[[##.###..##))....+ .
..))####.##..#)##..##
..))###...'..').####


There were no monsters in sight!

Vanquished Creatures
  2 boulder beetles (D)
  An orc high priest (D)
  A deep elf pyromancer (D)
  A smoke demon (D)
  An orange demon (D)
  A yaktaur (D)
  A yaktaur (shapeshifter) (D)
  A troll (D)
  2 hellwings (D)
  Prince Ribbit (D)
  2 glass eyes (D)
  A jumping spider (D)
  2 spriggans (D)
  2 shadows (D)
  A fire bat (D)
  3 yaks (D)
  A steam dragon (D)
  A vampire mosquito (D)
  3 wargs (D)
  An acid dragon (D)
  A water moccasin (D)
  4 orc warriors (D)
  A sky beast (D)
  A black bear (D)
  A centaur (D)
  2 small abominations (D)
  7 wolves (D)
  A gnoll sergeant (D)
  A scorpion (D)
  A gnoll bouda (D)
  An orc wizard (D)
  A mummy (D)
  3 gnolls (D)
  2 river rats (D)
  2 worms (D)
  5 orcs (D)
  A ball python (D)
  A giant cockroach (D)
  A hobgoblin (D)
  4 jackals (D)
  A quokka (D)
  A ball python skeleton (D)
  A bat simulacrum (D)
  A giant cockroach simulacrum (D)
  2 goblins (D)
  2 kobolds (D)
78 creatures vanquished.

Vanquished Creatures (collateral kills)
  5 death yaks (D)
  Urug (D)
  A sun demon (D)
  A deep elf pyromancer (D)
  A deep elf zephyrmancer (D)
  A merfolk (D)
  A bat skeleton (D)
  A bat zombie (D)
12 creatures vanquished.

Grand Total: 90 creatures vanquished

Notes
Turn   | Place    | Note
-------+----------+-------------------------------------------
     0 | D        | sircluck the Troll Berserker began the quest for the Orb.
     0 | D        | Reached XP level 1. HP: 22/22 MP: 0/0
    25 | D        | Found a bloodstained altar of Trog.
    25 | D        | Found a shimmering blue altar of Sif Muna.
    25 | D        | Found a viscous altar of Jiyva.
    25 | D        | Found a hazy altar of Hepliaklqana.
    25 | D        | Found an opulent altar of Gozag.
    26 | D        | Found a glowing golden altar of the Shining One.
    26 | D        | Found a glowing silver altar of Zin.
    26 | D        | Found a basalt altar of Yredelemnul.
    26 | D        | Found a shimmering altar of Xom.
    26 | D        | Found an ornate altar of the Wu Jian Council.
    26 | D        | Found a sacrificial altar of Ru.
    26 | D        | Found a stormy altar of Qazlal.
    26 | D        | Found an iron altar of Okawaru.
    26 | D        | Found a sparkling altar of Nemelex Xobeh.
    26 | D        | Found a burning altar of Makhleb.
    26 | D        | Found a blossoming altar of Fedhas.
    26 | D        | Found a white marble altar of Elyvilon.
    26 | D        | Found a shadowy altar of Dithmenos.
    26 | D        | Found a snail-covered altar of Cheibriados.
    29 | D        | Found a corrupted altar of Lugonu.
    29 | D        | Found a radiant altar of Vehumet.
    30 | D        | Found an ancient bone altar of Kikubaaqudgha.
    30 | D        | Found a hide-covered altar of Uskayaw.
    30 | D        | Found a broken altar of Ashenzari.
    65 | D        | Noticed a scorpion
    71 | D        | Killed a scorpion
    71 | D        | Reached ** piety under Trog
    72 | D        | Reached skill level 5 in Unarmed Combat
    72 | D        | Reached XP level 2. HP: 7/33 MP: 1/1
    72 | D        | Reached XP level 3. HP: 8/40 MP: 2/2
   115 | D        | Noticed a glass eye
   120 | D        | Reached XP level 4. HP: 39/49 MP: 3/3
   124 | D        | Killed a glass eye
   125 | D        | Reached skill level 7 in Unarmed Combat
   125 | D        | Reached XP level 5. HP: 54/61 MP: 4/4
   138 | D        | Noticed a glass eye
   144 | D        | Killed a glass eye
   144 | D        | Reached *** piety under Trog
   145 | D        | Reached skill level 8 in Unarmed Combat
   145 | D        | Reached XP level 6. HP: 68/71 MP: 5/5
   151 | D        | Reached **** piety under Trog
   214 | D        | Reached skill level 9 in Unarmed Combat
   222 | D        | Noticed a fire bat
   222 | D        | Noticed a warg
   241 | D        | Killed a fire bat
   242 | D        | Reached XP level 7. HP: 63/80 MP: 6/6
   251 | D        | Reached ***** piety under Trog
   252 | D        | Reached skill level 10 in Unarmed Combat
   252 | D        | Received a gift from Trog
   339 | D        | Noticed a vampire mosquito
   342 | D        | Killed a vampire mosquito
   343 | D        | Reached XP level 8. HP: 79/92 MP: 7/7
   350 | D        | Received a gift from Trog
   392 | D        | Reached skill level 11 in Unarmed Combat
   435 | D        | Gained mutation: Your muscles are strong. (Str +4, Int/Dex
                  | -1) [potion of mutation]
   435 | D        | Gained mutation: You have large cloven feet. [potion of
                  | mutation]
   529 | D        | Noticed an orc high priest
   534 | D        | Reached skill level 10 in Fighting
   535 | D        | Noticed an ice devil
   535 | D        | Noticed a rust devil
   536 | D        | Reached skill level 10 in Dodging
   538 | D        | Reached ****** piety under Trog
   542 | D        | Killed an orc high priest
   542 | D        | Received a gift from Trog
   543 | D        | Reached skill level 12 in Unarmed Combat
   543 | D        | Reached XP level 9. HP: 102/102 MP: 8/8
   717 | D        | Noticed a boulder beetle
   736 | D        | Killed a boulder beetle
   737 | D        | Reached skill level 13 in Unarmed Combat
   759 | D        | Noticed a smoke demon
   761 | D        | Received a gift from Trog
   769 | D        | Killed a smoke demon
   789 | D        | Noticed a yaktaur
   797 | D        | Killed a yaktaur
   811 | D        | Noticed a yaktaur
   819 | D        | Killed a yaktaur
   820 | D        | Reached XP level 10. HP: 115/115 MP: 9/9
   820 | D        | Received a gift from Trog
   821 | D        | Reached skill level 14 in Unarmed Combat
   937 | D        | Noticed a death yak
   937 | D        | Noticed a death yak
   937 | D        | Noticed a sun demon
   937 | D        | Noticed a death yak
   937 | D        | Noticed a death yak
   939 | D        | Killed a sun demon
   941 | D        | Killed a death yak
   942 | D        | Noticed a death yak
   943 | D        | Killed a death yak
   944 | D        | Reached skill level 15 in Unarmed Combat
   944 | D        | Killed a death yak
   949 | D        | Killed a death yak
   950 | D        | Reached XP level 11. HP: 127/127 MP: 10/10
   950 | D        | Killed a death yak
   950 | D        | Received a gift from Trog
  1070 | D        | Reached skill level 16 in Unarmed Combat
  1076 | D        | Received a gift from Trog
  1124 | D        | Noticed Prince Ribbit
  1128 | D        | Killed Prince Ribbit
  1128 | D        | Identified the +3 triple sword of Yesterday {flame, rElec
                  | rCorr Str-3 Int-3} (Trog gifted it to you in the Dungeon)
  1128 | D        | Received a gift from Trog
  1130 | D        | Noticed a boulder beetle
  1154 | D        | Killed a boulder beetle
  1154 | D        | Received a gift from Trog
  1253 | D        | Noticed a deep elf knight
  1253 | D        | Noticed a deep elf zephyrmancer
  1253 | D        | Noticed a deep elf pyromancer
  1253 | D        | Noticed a deep elf pyromancer
  1257 | D        | Killed a deep elf zephyrmancer
  1257 | D        | Noticed Urug
  1270 | D        | Killed Urug
  1271 | D        | Reached skill level 17 in Unarmed Combat
  1272 | D        | Killed a deep elf pyromancer
  1272 | D        | Received a gift from Trog
  1279 | D        | Killed a deep elf pyromancer
  1280 | D        | Killed from afar by a deep elf knight

Illustrated notes

Levels and vault maps discovered:
D:        pitsprint [storerooms_1, entrance_room_1, metal_vault_7, armoury_1,
          mini_pit_1, grid_room_1, main_hall_1, silver_pit, the_coven_1,
          the_vestibule_1, steel_vault_3, golden_pit, hallway_of_sentries,
          crystal_vault_6, iron_vault_1, final_vault]

Skill      XL: |  1  2  3  4  5  6  7  8  9 10 11 |
---------------+----------------------------------+-----
Fighting       | 4 6 7 8 9 10 12 13 14 | 14.9
Dodging        | 4 6 7 8 9 10 11 13 14 | 14.7
Unarmed Combat | 5 7 8 9 10 12 13 15 17 | 17.2

Action                     |  1- 3 |  4- 6 |  7- 9 | 10-12 || total
---------------------------+-------+-------+-------+-------++-------
  Melee: Unarmed           |    10 |    37 |   121 |    79 ||   247
         Punch             |       |     4 |     8 |     7 ||    19
         Kick              |       |       |    22 |    19 ||    41
 Invoke: Berserk           |       |     1 |     1 |       ||     2
         Brothers in Arms  |       |       |       |     5 ||     5
    Use: Potion            |       |       |     1 |     1 ||     2
 Armour: Animal skin       |     5 |    35 |    64 |    59 ||   163
  Dodge: Dodged            |     5 |    25 |    48 |    70 ||   148

Table legend: (Time is in decaauts)
 A = Elapsed time spent in this place.
 B = Non-inter-level travel time spent in this place.
 C = Inter-level travel time spent in this place.
 D = Time resting spent in this place.
 E = Time spent auto-exploring this place.
 F = Levels seen in this place.
 G = Mean time per level.
                   A        B        C        D        E       F      G
               +--------+--------+--------+--------+--------+-----+--------+
         Total |   1234 |   1234 |      0 |    272 |    215 |   1 | 1234.0 |
       Dungeon |   1234 |   1234 |      0 |    272 |    215 |   1 | 1234.0 |
               +--------+--------+--------+--------+--------+-----+--------+

Top non-repeatable levels by time:
       D: 1234 daAuts
